 Dungeon Crawl Stone Soup version 0.30.2 (webtiles) character file.

Game seed: 17396330024153258069

31343 porpoise the Marksfrog (level 13, 0/95 HPs)
             Began as a Barachi Hunter on Mar 21, 2024.
             Was an Elder of Hepliaklqana.
             Succumbed to a black mamba's poison
             ... on level 4 of the Lair of Beasts.
             The game lasted 00:54:03 (15661 turns).

porpoise the Marksfrog (Barachi Hunter)            Turns: 15661, Time: 00:54:03

Health: 0/95       AC: 11    Str: 18    XL:     13   Next: 57%
Magic:  18/18      EV: 19    Int: 11    God:    Hepliaklqana [****..]
Gold:   1020       SH:  5    Dex: 20    Spells: 12/12 levels left

rFire   . . .        w - +0 arbalest (heavy)
rCold   . . .        (shield currently unavailable)
rNeg    + . .        E - +3 ring mail {rN+}
rPois   .            (no helmet)
rElec   .            (no cloak)
rCorr   .            h - +1 pair of gloves
SInv    .            (no boots)
Will    .....        U - amulet of reflection
Stlth   +++          e - +6 ring of strength
HPRegen 0.35/turn    y - +5 ring of evasion
MPRegen 0.16/turn

%: reflection
@: lethally poisoned (0 -> -19), slow
A: reduced essence, amphibious, slowness 1, strong legs 2, +LOS
a: Hop, Renounce Religion, Recall Ancestor, Ancestor Identity, Transference,
Idealise


You were on level 4 of the Lair of Beasts.
You worshipped Hepliaklqana.
Hepliaklqana was greatly pleased with you.
You visited 3 branches of the dungeon, and saw 16 of its levels.
You also visited: Bailey.

You collected 1020 gold pieces.

Inventory:

Hand Weapons
 a - a +2 longbow of draining
 b - the +7 great mace "Undeadhunter" {deathbane, rN+}
   (You found it in a bailey)

   rN:        It protects you from negative energy.
 w - a +0 heavy arbalest (weapon)
Missiles
 F - 4 curare-tipped darts
 K - 4 throwing nets
Armour
 h - a +1 pair of gloves (worn)
 E - a +3 ring mail of positive energy (worn)
Jewellery
 e - a +6 ring of strength (left hand)
 r - a ring of magical power
 y - a +5 ring of evasion (right hand)
 T - a ring of protection from cold
 U - an amulet of reflection (around neck)
Wands
 i - a wand of light (13)
 v - a wand of mindburst (3)
 x - a wand of flame (14)
 B - a wand of polymorph (7)
 D - a wand of digging (12)
 V - a wand of iceblast (4)
 Y - a wand of charming (14)
Scrolls
 d - 2 scrolls of vulnerability
 g - 3 scrolls of fog
 j - 2 scrolls of magic mapping
 k - a scroll of silence
 m - 2 scrolls of enchant armour
 n - 6 scrolls of teleportation
 p - 3 scrolls of blinking
 q - a scroll of amnesia
 s - a scroll of noise
 t - a scroll of brand weapon
 H - 4 scrolls of poison
Potions
 c - a potion of invisibility
 f - a potion of heal wounds
 l - 6 potions of curing
 o - 10 potions of ambrosia
 z - 3 potions of lignification
 A - 3 potions of might
 G - 4 potions of flight
 N - a potion of magic
 P - 3 potions of attraction
 Q - 3 potions of haste
 S - a potion of berserk rage


   Skills:
 + Level 11.1 Fighting
 * Level 17.1 Ranged Weapons
 - Level 7.0 Armour
 + Level 5.2 Dodging
 - Level 5.0 Stealth
 - Level 7.0 Invocations
 - Level 5.0 Evocations


You had 12 spell levels left.
You didn't know any spells.
Your spell library contained the following spells:

 Spells                   Type           Power      Damage    Failure   Level
 Freeze                   Ice            0%         1d3       50%         1
 Blink                    Tloc           0%         N/A       65%         2
 Ensorcelled Hibernation  Hex/Ice        0%         N/A       65%         2
 Lesser Beckoning         Tloc           0%         N/A       65%         2
 Momentum Strike          Conj/Tloc      0%         3d8       65%         2
 Searing Ray              Conj           0%         2d4       65%         2
 Frozen Ramparts          Ice            0%         1d1       86%         3
 Hailstorm                Conj/Ice       0%         3d3       86%         3
 Ozocubu's Armour         Ice            0%         N/A       86%         3
 Spider Form              Tmut/Pois      0%         N/A       86%         3
 Vhi's Electric Charge    Tloc/Air       0%         N/A       86%         3
 Anguish                  Hex/Necr       0%         N/A       99%         4
 Arcjolt                  Conj/Air       0%         1d10      100%        5
 Fireball                 Conj/Fire      0%         3d3       100%        5
 Metabolic Englaciation   Hex/Ice        0%         N/A       100%        5
 Conjure Ball Lightning   Conj/Air       0%         3x3d6     100%        6
 Simulacrum               Ice/Necr       0%         N/A       100%        6
 Orb of Destruction       Conj           0%         9d5       100%        7
 Maxwell's Capacitive Co  Air            0%         ∞         100%        8


Dungeon Overview and Level Annotations

Branches:
Dungeon (10/15)            Temple (1/1) D:6            Lair (5/5) D:10
  Swamp (0/4) Lair:3        Snake (0/4) Lair:3        Slime (0/5) Lair:4
 Bailey (visited)
    Orc: D:9-12

Altars:
Ashenzari
Cheibriados
Dithmenos
Elyvilon
Fedhas
Gozag
Hepliaklqana
Kikubaaqudgha
Makhleb
Nemelex Xobeh
Okawaru
Qazlal
Ru
Sif Muna
Trog
Uskayaw
Vehumet
Wu Jian
Xom
Yredelemnul
Zin
The Shining One

Annotations:
Lair:3 1 runed translucent door


Innate Abilities, Weirdness & Mutations

Your life essence is reduced to manifest your ancestor. (-10% HP)
You are amphibious.
You cover ground slowly.
You can hop long distances.
You have an extended range of vision and can be seen from far away.


Message History

The skyshark tail-slaps you!
The skyshark tail-slaps you but does no damage.
The black mamba bites you! The water moccasin barely misses you.
The water moccasin bites you. The skyshark completely misses you.
The skyshark tail-slaps you!
The skyshark tail-slaps you but does no damage.
You shoot a bolt. The bolt hits the water moccasin!!!
You kill the water moccasin!
The black mamba completely misses you. The water moccasin bites you.
The black mamba barely misses you.
Nikki hits the skyshark with a +0 flail.
The water moccasin closely misses you. The komodo dragon barely misses you.
The black mamba bites you but does no damage.
The skyshark completely misses you.
The skyshark tail-slaps you but does no damage.
The skyshark tail-slaps you! You block the water moccasin's attack.
The komodo dragon closely misses you.
A catoblepas comes into view.
The black mamba completely misses you. The skyshark closely misses you. x3
Nikki hits the skyshark with a +0 flail.
The water moccasin bites you but does no damage.
The skyshark bites you!!
The skyshark enters a blood-rage!
The skyshark tail-slaps you.
* * * LOW HITPOINT WARNING * * *
The skyshark closely misses you. You block the black mamba's attack.
The water moccasin completely misses you.
There is a stone staircase leading up, spattered with blood here.
You see here a water moccasin corpse.
The black mamba bites you!
* * * LOW HITPOINT WARNING * * *
You are lethally poisoned!
The black mamba poisons you! The skyshark bites you!
* * * LOW HITPOINT WARNING * * *
The skyshark tail-slaps you but does no damage. x2
Nikki hits the skyshark with a +0 flail!
Nikki blocks the komodo dragon's attack.
The water moccasin completely misses you.
The black mamba barely misses you.
You climb upwards.
You die...

#.#.....#####..##................
##......P# ####.................
#......## #.................
#..#...# #.................
##....### ##...<............
...#### ##................ #..#
##P.........#...... #..#
#.Rl#.......##..... ...#
########S@#.#.......##....
#..#####..#..##S.####.....###....
....#..#.....#..## ###..##.#....
#.8.'..#.......## ###.###.....
...###..........## #....##.....
...# ##..........#####...........
..#####............#P............
.#..##............#.(............
##..###..........................


You could see the friendly Nikki the knight, a skyshark (berserk, unaware), a
black mamba and a water moccasin.

Vanquished Creatures
  A boulder beetle (Lair:2)
  Erica (D:10)
  A two-headed ogre (D:9)
  3 death yaks (Lair:2)
  A fire crab (Lair:3)
  Pikel (D:5)
  2 cane toads
  4 black mambas
  2 rime drakes
  9 komodo dragons
  An unseen horror (D:10)
  A polar bear (Lair:1)
  A troll (D:9)
  14 blink frogs
  5 dream sheep (Lair:4)
  2 shadows (D:10)
  24 yaks
  2 humans (D:8)
  A vampire (D:10)
  A basilisk (Lair:4)
  2 steam dragons
  5 vampire mosquitoes (Lair:3)
  Menkaure (D:6)
  3 wargs (D:10)
  13 water moccasins
  5 orc warriors
  2 sky beasts
  3 black bears
  2 ice beasts
  An ogre (D:5)
  11 wolves
  3 centaurs
  3 phantoms
  2 kobold brigands (D:9)
  3 lemures (D:5)
  10 bullfrogs
  A gnoll sergeant (D:9)
  4 scorpions
  9 wights
  27 killer bees
  A howler monkey (D:9)
  4 hounds
  13 jellies
  A gnoll bouda (D:6)
  6 orc priests
  3 sleepcaps
  Ijyb (D:4)
  2 iguanas
  11 orc wizards
  A mummy (D:10)
  9 gnolls
  8 adders
  2 shadow imps
  A white imp (D:7)
  An ufetubus (D:7)
  2 worms
  3 dart slugs (D:1)
  32 orcs
  6 ball pythons
  8 endoplasms
  3 giant cockroaches
  15 goblins
  4 hobgoblins
  4 jackals (D:2)
  26 kobolds
  5 quokkas
  5 bats
  3 frilled lizards
  2 rats (D:1)
369 creatures vanquished.

Vanquished Creatures (collateral kills)
  A hydra (Lair:4)
  A two-headed ogre (D:10)
  A black mamba (Lair:2)
  A torpor snail (Lair:1)
  2 cane toads
  A komodo dragon (Lair:2)
  4 blink frogs
  2 yaks (Lair:1)
  2 vampire mosquitoes (Lair:3)
  3 wolves
  A bullfrog (Lair:1)
  An endoplasm (Lair:4)
20 creatures vanquished.

Vanquished Creatures (others)
  A queen bee (Lair:3)
  2 killer bees (Lair:3)
  2 ancestors (D:10)
5 creatures vanquished.

Grand Total: 394 creatures vanquished

Notes
Turn   | Place    | Note
-------+----------+-------------------------------------------
     0 | D:1      | porpoise the Barachi Hunter began the quest for the Orb.
     0 | D:1      | Reached XP level 1. HP: 17/17 MP: 1/1
     6 | D:1      | Reached skill level 1 in Stealth
   106 | D:1      | Reached XP level 2. HP: 22/23 MP: 2/2
   404 | D:1      | Reached XP level 3. HP: 28/28 MP: 3/3
   416 | D:1      | Found a faded altar of an unknown god.
   878 | D:2      | Reached XP level 4. HP: 35/35 MP: 4/4
  1178 | D:2      | Reached skill level 5 in Ranged Weapons
  1768 | D:3      | Found a radiant altar of Vehumet.
  1768 | D:3      | Found a stormy altar of Qazlal.
  2338 | D:4      | Reached XP level 5. HP: 40/42 MP: 5/5
  2677 | D:4      | Noticed Ijyb
  2711 | D:4      | Killed Ijyb
  2994 | D:5      | Entered Level 5 of the Dungeon
  3021 | D:5      | Reached XP level 6. HP: 48/48 MP: 6/6
  3148 | D:5      | Noticed a black bear
  3163 | D:5      | Killed a black bear
  3164 | D:5      | Reached skill level 6 in Ranged Weapons
  3309 | D:5      | Reached XP level 7. HP: 20/55 MP: 7/7
  3448 | D:5      | Noticed Pikel
  3654 | D:5      | Reached skill level 5 in Fighting
  3678 | D:5      | Killed Pikel
  3679 | D:5      | Reached skill level 7 in Ranged Weapons
  3679 | D:5      | Reached XP level 8. HP: 24/64 MP: 8/8
  3925 | D:5      | Reached skill level 8 in Ranged Weapons
  4388 | D:6      | Reached skill level 5 in Stealth
  4390 | D:6      | Noticed Menkaure
  4403 | D:6      | Killed Menkaure
  4404 | D:6      | Reached skill level 1 in Armour
  4746 | D:6      | Found a shimmering altar of Xom.
  4926 | D:6      | Found a staircase to the Ecumenical Temple.
  4943 | D:6      | Reached XP level 9. HP: 65/72 MP: 9/9
  4944 | Temple   | Entered the Ecumenical Temple
  5109 | D:6      | Found an ornate altar of the Wu Jian Council.
  5236 | D:6      | Reached skill level 9 in Ranged Weapons
  5813 | D:7      | Found a flagged portal.
  5827 | Bailey   | Entered a bailey
  5847 | Bailey   | Noticed an orc knight
  6004 | Bailey   | Found the +7 great mace "Undeadhunter" {deathbane, rN+}
  6317 | D:7      | Found a blossoming altar of Fedhas.
  6334 | D:7      | Found a burning altar of Makhleb.
  6412 | D:7      | Reached skill level 10 in Ranged Weapons
  6568 | D:7      | Found a glowing silver altar of Zin.
  6810 | D:8      | Found a broken altar of Ashenzari.
  7079 | D:8      | Got the Compilation of the Impact
  7177 | D:8      | Found an iron altar of Okawaru.
  7205 | D:8      | Reached skill level 5 in Armour
  7465 | D:8      | Reached XP level 10. HP: 82/82 MP: 10/10
  7635 | D:8      | Found a hazy altar of Hepliaklqana.
  7639 | D:8      | Became a worshipper of Hepliaklqana the Forgotten
  7648 | D:8      | Found a basalt altar of Yredelemnul.
  8131 | D:9      | Reached skill level 11 in Ranged Weapons
  8328 | D:9      | Reached skill level 1 in Invocations
  8581 | D:9      | Noticed a two-headed ogre
  9113 | D:9      | Found a sparkling altar of Nemelex Xobeh.
  9210 | D:9      | Killed a two-headed ogre
  9211 | D:9      | Reached skill level 12 in Ranged Weapons
  9499 | D:10     | Entered Level 10 of the Dungeon
  9662 | D:10     | Reached XP level 11. HP: 78/89 MP: 13/13
  9694 | D:10     | Found a staircase to the Lair.
  9724 | D:10     | Reached * piety under Hepliaklqana
 10046 | D:10     | Reached skill level 13 in Ranged Weapons
 10243 | D:10     | Noticed Erica
 10259 | D:10     | Killed Erica
 10631 | D:10     | Found a snail-covered altar of Cheibriados.
 10862 | D:10     | Noticed a two-headed ogre
 10869 | D:10     | Killed a two-headed ogre
 10870 | D:10     | Reached skill level 5 in Invocations
 10918 | D:10     | Found a sacrificial altar of Ru.
 11081 | Lair:1   | Entered Level 1 of the Lair of Beasts
 11104 | Lair:1   | Reached skill level 14 in Ranged Weapons
 11214 | Lair:1   | Reached ** piety under Hepliaklqana
 11215 | Lair:1   | Remembered your ancestor Nikki as a knight
 11237 | Lair:1   | Reached skill level 1 in Evocations
 11464 | Lair:1   | Reached XP level 12. HP: 85/85 MP: 15/15
 12040 | Lair:1   | Reached skill level 15 in Ranged Weapons
 12110 | Lair:1   | Reached skill level 5 in Dodging
 12773 | Lair:2   | Reached skill level 5 in Evocations
 12961 | Lair:2   | Reached *** piety under Hepliaklqana
 13039 | Lair:2   | Reached skill level 16 in Ranged Weapons
 13148 | Lair:2   | Noticed a boulder beetle
 13165 | Lair:2   | Killed a boulder beetle
 13202 | Lair:2   | Noticed a death yak
 13202 | Lair:2   | Noticed a death yak
 13203 | Lair:2   | Noticed a death yak
 13222 | Lair:2   | Killed a death yak
 13223 | Lair:2   | Reached skill level 10 in Fighting
 13223 | Lair:2   | Gained mutation: You can hop long distances. [Barachi
                  | growth]
 13223 | Lair:2   | Reached XP level 13. HP: 92/92 MP: 17/17
 13696 | Lair:3   | Found a staircase to the Swamp.
 13759 | Lair:3   | Found a staircase to the Snake Pit.
 14275 | Lair:3   | Found a runed translucent door.
 14959 | Lair:4   | Reached skill level 17 in Ranged Weapons
 15127 | Lair:4   | Reached **** piety under Hepliaklqana
 15190 | Lair:4   | Found a staircase to the Slime Pits.
 15649 | Lair:5   | Entered Level 5 of the Lair of Beasts
 15661 | Lair:4   | Succumbed to a black mamba's poison

Illustrated notes

Levels and vault maps discovered:
D:1:      minmay_arrival_radiant_lines, layout_basic,
          hellmonk_ecumenical_altar_arch_garden, minmay_stone_trees_small,
          st_stairs_8, minmay_pentomino_z4
D:2:      minmay_skewed_foursquare, layout_basic
D:3:      layout_basic, gammafunk_temple_overflow_pools, kennysheep_minor_cross
D:4:      layout_basic, uniq_ijyb
D:5:      layout_loops_corners, uniq_pikel
D:6:      layout_gridville, lemuel_doored_altar,
          mainiacjoe_overflow_concentric_impassable,
          minmay_temple_entry_antechambers, corexii_item_surrounded_by_moat,
          uniq_menkaure
D:7:      layout_rooms, makhleb_heckhound_becter, general_overflow_altar,
          kennysheep_mini, enter_bailey_3
D:8:      layout_loops_corners, mainiacjoe_overflow_big_doors, okawaru_humans,
          lemuel_tele_altar
D:9:      layout_rooms, nemelex_spade_bored_becter
D:10:     layout_stronghold, slow_altar_2, old_standard_altar,
          erik_lair_orcish_takeover, eino_curves_02, nrook_mini_vaults,
          uniq_erica
Temple:   nicolae_temple_two_arcs
Lair:1:   layout_roguey, nzn_random_ring
Lair:2:   layout_chaotic_city, nzn_sisyphean_effort, infiniplex_staircase_pool,
          lemuel_fruit_fields, lemuel_fruit_fields
Lair:3:   layout_roguey [special_room_bee], minmay_swamp_entry_swarm,
          dummy_snake_entry, st_stairs_8, pf_torpor_hydra
Lair:4:   layout_cave_pods, minmay_slime_entry_jelly_boxes, grunt_megastairs_4,
          lemuel_fruit_fields
Lair:5:   evilmike_catoblepas_cave, layout_hall_layers, grunt_megastairs_2,
          lemuel_fruit_fields

Skill      XL: |  1  2  3  4  5  6  7  8  9 10 11 12 13 |
---------------+----------------------------------------+-----
Stealth        | 1 2 3 4 5 |  5.0
Fighting       | 3 4 6 7 8 9 10 11 | 11.1
Ranged Weapons | 5 6 7 8 10 12 14 16 17 | 17.1
Armour         | 2 5 7 |  7.0
Invocations    | 3 5 6 7 |  7.0
Evocations     | 2 5 |  5.0
Dodging        | 3 5 |  5.2

Action                     |  1- 3 |  4- 6 |  7- 9 | 10-12 | 13-15 || total
---------------------------+-------+-------+-------+-------+-------++-------
  Melee: Mace              |       |       |     2 |       |       ||     2
         Great mace        |       |       |       |    13 |       ||    13
   Fire: Shortbow          |    94 |   204 |   427 |     3 |       ||   728
         Longbow           |       |       |       |   528 |   200 ||   728
         Arbalest          |       |       |       |     9 |     5 ||    14
  Throw: Dart              |       |       |       |     7 |       ||     7
 Invoke: Ancestor Identity |       |       |       |     2 |       ||     2
         Ancestor Life: Kn |       |       |       |     1 |       ||     1
  Evoke: Wand              |       |       |     1 |     1 |     2 ||     4
    Use: Scroll            |       |     3 |     7 |    15 |     3 ||    28
         Potion            |       |       |     2 |     2 |     1 ||     5
 Armour: Leather armour    |    13 |     8 |       |       |       ||    21
         Ring mail         |       |    26 |    73 |    50 |    22 ||   171
  Dodge: Dodged            |    16 |   116 |   206 |   159 |    84 ||   581
  Block: Other             |       |       |       |    31 |    22 ||    53
         Reflection        |       |       |       |     2 |       ||     2
